 Dungeon Crawl Stone Soup version 0.31-a0-1338-gb567cfdca4 (webtiles) character file.

Game seed: 3495179972653388912

4428 wildpjah the Covert (level 10, 0/51 HPs)
             Began as a Vine Stalker Enchanter on Dec 22, 2023.
             Was a High Priest of Cheibriados.
             Killed from afar by an electric eel (3 damage)
             ... with a bolt of electricity
             ... in a bailey.
             The game lasted 00:36:05 (10021 turns).

wildpjah the Covert (Vine Stalker Enchanter)       Turns: 10021, Time: 00:36:05

Health: 0/51       AC:  6    Str: 21    XL:     10   Next: 36%
Magic:  0/30       EV: 14    Int: 26    God:    Cheibriados [*****.]
Gold:   381        SH:  0    Dex: 31    Spells: 11/22 levels left

rFire   . . .        p - +0 dagger (flame)
rCold   + . .        (no shield)
rNeg    . . .        J - +2 leather armour {rC+}
rPois   .            (no helmet)
rElec   .            l - +0 cloak
rCorr   .            (no gloves)
SInv    +            (no boots)
Will    +....        (no amulet)
Stlth   +++          m - ring of magical power
HPRegen 1.08/turn    E - ring of see invisible
MPRegen 0.22/turn

%: guardian spirit
@: confusing by touch, very slow
A: fangs 3, regeneration 1, magic shield, antimagic bite, no potion heal 2
a: Renounce Religion, Bend Time, Temporal Distortion, Slouch, Step From Time


You were in a bailey.
You worshipped Cheibriados.
Cheibriados was extremely pleased with you.
You visited 2 branches of the dungeon, and saw 10 of its levels.
You also visited: Sewer and Bailey.

You collected 381 gold pieces.

Inventory:

Hand Weapons
 a - a +1 dagger
 p - a +0 dagger of flaming (weapon)
 s - a +0 long sword
 I - a +0 rapier
Missiles
 u - 2 throwing nets
Armour
 b - a +0 robe
 l - a +0 cloak (worn)
 J - a +2 leather armour of cold resistance (worn)
 K - a +1 robe of positive energy
Jewellery
 m - a ring of magical power (left hand)
 E - a ring of see invisible (right hand)
 M - a +5 ring of evasion
Wands
 w - a wand of iceblast (21)
 G - a wand of paralysis (4)
 H - a wand of polymorph (21)
Scrolls
 e - 2 scrolls of teleportation
 g - a scroll of poison
 h - a scroll of blinking
 i - a scroll of amnesia
 n - 2 scrolls of enchant weapon
 o - 2 scrolls of vulnerability
 q - a scroll of revelation
 t - 2 scrolls of immolation {unknown}
 y - a scroll of fear
 z - a scroll of acquirement {unknown}
 A - a scroll of summoning {unknown}
 C - a scroll of fog {unknown}
 F - 2 scrolls of silence {unknown}
Potions
 c - 3 potions of invisibility
 d - 3 potions of curing {unknown}
 f - a potion of berserk rage {unknown}
 j - 2 potions of mutation {unknown}
 k - 6 potions of haste {unknown}
 r - a potion of ambrosia {unknown}
 x - 2 potions of might {unknown}
 B - a potion of brilliance {unknown}
 D - a potion of degeneration {unknown}
 L - 2 potions of heal wounds {unknown}
 N - a potion of cancellation {unknown}
 O - a potion of magic {unknown}


   Skills:
 * Level 5.5 Fighting
 + Level 3.2 Short Blades
 + Level 0.3(2.0) Long Blades
 + Level 2.4 Armour
 + Level 2.7 Dodging
 + Level 10.3 Stealth
 + Level 6.8 Spellcasting
 + Level 5.8 Hexes
 + Level 4.8 Ice Magic


You had 11 spell levels left.
You knew the following spells:

 Your Spells              Type           Power      Damage    Failure   Level
a - Ensorcelled Hibernat  Hex/Ice        72%        N/A       1%          2
b - Confusing Touch       Hex            39%        N/A       1%          3
c - Dazzling Flash        Conj/Hex       48%        N/A       7%          3
d - Frozen Ramparts       Ice            68%        1d11      3%          3

Your spell library contained the following spells:

 Spells                   Type           Power      Damage    Failure   Level
 Freeze                   Ice            100%       1d10      1%          1
 Tukima's Dance           Hex            39%        N/A       1%          3
 Hailstorm                Conj/Ice       21%        3d7       9%          3
 Lesser Beckoning         Tloc           16%        N/A       11%         2
 Gell's Gravitas          Tloc           8%         N/A       22%         3
 Teleport Other           Tloc           8%         N/A       22%         3
 Leda's Liquefaction      Alch/Erth      4%         N/A       58%         4
 Lee's Rapid Deconstruct  Erth           4%         3d5*      90%         5
 Bombard                  Conj/Erth      4%         9d2       100%        6


Dungeon Overview and Level Annotations

Branches:
Dungeon (9/15)             Temple (1/1) D:5            Lair (0/5) D:8
  Sewer (visited)          Bailey (1/1)
    Orc: D:9-12

Altars:
Ashenzari
Cheibriados
Dithmenos
Elyvilon
Fedhas
Gozag
Hepliaklqana
Kikubaaqudgha
Makhleb
Nemelex Xobeh
Okawaru
Qazlal
Ru
Sif Muna
Trog
Uskayaw
Vehumet
Wu Jian
Xom
Yredelemnul
Zin
The Shining One


Innate Abilities, Weirdness & Mutations

You have razor-sharp teeth.
Your natural rate of healing is unusually fast.
When hurt, damage is shared between your health and your magic reserves.
Your bite disrupts and absorbs the magic of your enemies.
Potions cannot restore your health.


Message History

The electric eel shoots out a bolt of lightning at you!
The bolt of electricity hits you!
There is an open door here.
An electric eel comes into view.
The electric eel shoots out a bolt of lightning at you!
The bolt of electricity hits you!
The electric eel shoots out a bolt of lightning at you!
The bolt of electricity hits you!
There is an open door here.
You start resting.
HP restored.
You start resting.
Magic restored.
There is an open door here.
Casting: Confusing Touch (safe; 1% risk of failure)
Press: ? - help, Q - select action, (/) - cycle Dir - look around, f - activate Your hands begin to glow red.
There is an open door here.
You enter the shallow water.
Moving in this stuff is going to be slow.
The electric eel shoots out a bolt of lightning at you!
The bolt of electricity hits you!
The electric eel shoots out a bolt of lightning at you!
The bolt of electricity hits you!
Your hands stop glowing.
The electric eel shoots out a bolt of lightning at you!
The bolt of electricity hits you! x2
The electric eel shoots out a bolt of lightning at you!
The bolt of electricity hits you! x2
* * * LOW HITPOINT WARNING * * *
Casting: Dazzling Flash (dangerous; 7% risk of failure)
Press: ? - help, Q - select action, (/) - cycle Dir - look around, f - activate
Casting: Confusing Touch (safe; 1% risk of failure)
Press: ? - help, Q - select action, (/) - cycle Dir - look around, f - activate Your hands begin to glow red.
The electric eel shoots out a bolt of lightning at you!
The bolt of electricity hits you!
* * * LOW HITPOINT WARNING * * *
The bolt of electricity hits you.
You die...

≈≈≈≈≈≈≈≈≈≈≈≈≈≈≈≈≈≈
≈≈≈≈≈≈≈≈≈≈≈≈≈≈≈≈≈≈
≈≈≈≈≈≈≈≈≈≈≈≈≈≈≈≈≈≈
≈≈≈≈≈≈≈≈≈≈≈≈≈≈≈≈≈≈
≈≈≈≈≈≈≈≈≈≈≈≈≈≈≈≈≈≈
≈≈≈≈≈≈≈≈≈≈≈≈≈≈≈≈≈≈
≈≈≈≈≈≈≈S≈≈≈≈≈≈≈≈≈≈ ≈#
~~~~~~~@~~~#### ≈#
...........'.)# ≈#
###############..#+# ≈#
#...)...#[....'...)# ≈#
#.8.8.8.'[....#....#
≈######...##############.#
≈~.#......# #.~≈
≈~.#......# #.~≈≈
≈~.#''##### #.~≈≈≈≈


You could see an electric eel.

Vanquished Creatures
  A two-headed ogre (D:8)
  A gargoyle (D:8)
  Eustachio (D:6)
  A steam dragon (D:8)
  A warg (D:8)
  A water moccasin (D:7)
  5 orc warriors
  3 sky beasts
  An ogre (D:5)
  2 wolves (D:8)
  A phantom (D:5)
  3 kobold brigands
  4 bullfrogs
  2 brain worms (Sewer)
  A gnoll sergeant (D:8)
  A scorpion (D:6)
  3 wights (D:6)
  4 howler monkeys (D:7)
  2 hounds
  3 jellies
  5 orc priests
  3 sleepcaps
  8 orc wizards
  8 gnolls
  6 adders
  3 river rats
  A shadow imp (D:5)
  3 bombardier beetles
  2 white imps (D:6)
  6 ufetubi
  4 worms
  A dart slug (D:4)
  27 orcs
  10 ball pythons
  7 endoplasms
  6 giant cockroaches
  16 goblins
  17 hobgoblins
  9 jackals
  11 kobolds
  5 quokkas
  4 bats
  6 frilled lizards
  11 rats
220 creatures vanquished.

Notes
Turn   | Place    | Note
-------+----------+-------------------------------------------
     0 | D:1      | wildpjah the Vine Stalker Enchanter began the quest for the
                  | Orb.
     0 | D:1      | Reached XP level 1. HP: 9/9 MP: 4/4
   148 | D:1      | Reached skill level 4 in Stealth
   148 | D:1      | Reached XP level 2. HP: 13/13 MP: 6/6
   151 | D:1      | Learned a level 2 spell: Ensorcelled Hibernation
   378 | D:1      | Reached skill level 1 in Short Blades
   656 | D:1      | Reached XP level 3. HP: 14/16 MP: 1/7
  1161 | D:2      | Reached skill level 5 in Stealth
  1269 | D:2      | Reached XP level 4. HP: 21/21 MP: 1/8
  2251 | D:3      | Reached skill level 1 in Ice Magic
  2968 | D:3      | Reached XP level 5. HP: 25/25 MP: 7/10
  3419 | D:3      | Found a stormy altar of Qazlal.
  3419 | D:3      | Found a blossoming altar of Fedhas.
  3420 | D:3      | Found a snail-covered altar of Cheibriados.
  3427 | D:3      | Became a worshipper of Cheibriados the Contemplative
  4218 | D:4      | Reached skill level 1 in Fighting
  4281 | D:4      | Learned a level 3 spell: Confusing Touch
  4285 | D:4      | Learned a level 3 spell: Dazzling Flash
  4386 | D:4      | Reached * piety under Cheibriados
  4387 | D:4      | Reached skill level 6 in Stealth
  4999 | D:5      | Entered Level 5 of the Dungeon
  5017 | D:5      | Reached XP level 6. HP: 21/30 MP: 7/11
  5257 | D:5      | Found a glowing drain.
  5369 | Sewer    | Entered a sewer
  5671 | Sewer    | Reached ** piety under Cheibriados
  5786 | Sewer    | Reached XP level 7. HP: 34/34 MP: 12/12
  5996 | D:5      | Found a staircase to the Ecumenical Temple.
  6024 | Temple   | Entered the Ecumenical Temple
  6141 | D:5      | Reached skill level 7 in Stealth
  6530 | D:5      | Found a glowing golden altar of the Shining One.
  6980 | D:6      | Learned a level 3 spell: Frozen Ramparts
  7132 | D:6      | Gained mutation: You have razor-sharp teeth. [Vine Stalker
                  | growth]
  7132 | D:6      | Reached XP level 8. HP: 38/40 MP: 14/15
  7268 | D:6      | Noticed Eustachio
  7275 | D:6      | Killed Eustachio
  7275 | D:6      | Reached *** piety under Cheibriados
  7315 | D:6      | Reached skill level 8 in Stealth
  7901 | D:7      | Reached skill level 5 in Spellcasting
  7970 | D:6      | Reached XP level 9. HP: 45/45 MP: 17/17
  7979 | D:6      | Reached skill level 5 in Hexes
  8130 | D:6      | Reached skill level 1 in Armour
  8337 | D:7      | Reached **** piety under Cheibriados
  8839 | D:8      | Reached skill level 9 in Stealth
  9052 | D:8      | Noticed a two-headed ogre
  9065 | D:8      | Killed a two-headed ogre
  9066 | D:8      | Reached skill level 5 in Fighting
  9267 | D:8      | Reached XP level 10. HP: 51/51 MP: 17/20
  9582 | D:8      | Noticed a gargoyle
  9586 | D:8      | Found a staircase to the Lair.
  9588 | D:8      | Killed a gargoyle
  9589 | D:8      | Reached skill level 10 in Stealth
  9764 | D:9      | Found a flagged portal.
  9774 | D:9      | Reached ***** piety under Cheibriados
  9778 | Bailey   | Entered a bailey
  9927 | Bailey   | Noticed a kobold demonologist
 10021 | Bailey   | Killed from afar by an electric eel

Illustrated notes

Levels and vault maps discovered:
D:1:      dpeg_arrival_refuge, layout_loops_ring, hangedman_glass_teeth,
          minmay_misc_feat_enclosed
D:2:      layout_loops_ring
D:3:      wad_lake_hut, layout_basic, gammafunk_temple_overflow_claw,
          serial_forest, infiniplex_forest_straight_4,
          infiniplex_forest_straight_5, infiniplex_forest_lined_2,
          infiniplex_forest_end_2, infiniplex_forest_straight_1,
          infiniplex_forest_lined_ring
D:4:      layout_layer_cave
D:5:      layout_loops_ring, nicolae_tso_swordbearing_angel,
          minmay_temple_entry_glass, portal_sewer_entry_a
D:6:      layout_gridville, uniq_eustachio
D:7:      layout_cave_pools, minmay_starry_boxes
D:8:      layout_loops_ring, erik_lair_orcish_takeover, roderic_malta_cross
D:9:      layout_basic, enter_bailey_5
Temple:   dpeg_three_leaves_temple
Bailey:   bailey_axe_of_yendor_kennysheep, bailey

Skill      XL: |  1  2  3  4  5  6  7  8  9 10 |
---------------+-------------------------------+-----
Stealth        | 4 5 6 7 8 9 10 | 10.3
Short Blades   | 1 2 3 |  3.2
Ice Magic      | 1 2 3 4 |  4.8
Fighting       | 1 3 4 5 |  5.5
Spellcasting   | 3 4 5 6 |  6.8
Hexes          | 4 5 |  5.8
Dodging        | 2 |  2.7
Armour         | 2 |  2.4
Long Blades    | |  0.3

Action                     |  1- 3 |  4- 6 |  7- 9 | 10-12 || total
---------------------------+-------+-------+-------+-------++-------
  Melee: Dagger            |    70 |   154 |   154 |    55 ||   433
         Bite              |     7 |    31 |    37 |    13 ||    88
         Long sword        |       |    10 |       |       ||    10
         Punch             |       |       |     2 |     2 ||     4
   Cast: Ensorcelled Hiber |    24 |    76 |    81 |    14 ||   195
         Confusing Touch   |       |     1 |    13 |     8 ||    22
         Frozen Ramparts   |       |       |     1 |       ||     1
         Dazzling Flash    |       |       |       |     1 ||     1
 Invoke: Bend Time         |       |     1 |       |       ||     1
    Use: Scroll            |       |       |     3 |     6 ||     9
   Stab: Sleeping          |    21 |    58 |    55 |    18 ||   152
         Confused          |       |     1 |     8 |     6 ||    15
         Distracted        |       |       |     1 |       ||     1
 Armour: Robe              |    33 |   102 |    61 |       ||   196
         Leather armour    |       |       |    74 |    47 ||   121
  Dodge: Dodged            |    42 |   114 |   158 |    48 ||   362

Table legend: (Time is in decaauts)
 A = Elapsed time spent in this place.
 B = Non-inter-level travel time spent in this place.
 C = Inter-level travel time spent in this place.
 D = Time resting spent in this place.
 E = Time spent auto-exploring this place.
 F = Levels seen in this place.
 G = Mean time per level.
                   A        B        C        D        E       F      G
               +--------+--------+--------+--------+--------+-----+--------+
         Total |  12005 |  11546 |    459 |    470 |   9167 |  12 | 1000.4 |
       Dungeon |  11020 |  10561 |    459 |    395 |   8491 |   9 | 1224.4 |
        Temple |      1 |      1 |      0 |      0 |      0 |   1 |    1.0 |
         Sewer |    690 |    690 |      0 |      0 |    558 |   1 |  690.0 |
        Bailey |    293 |    293 |      0 |     75 |    117 |   1 |  293.0 |
               +--------+--------+--------+--------+--------+-----+--------+

Top non-repeatable levels by time:
     D:4: 1720 daAuts
     D:6: 1616 daAuts
     D:3: 1546 daAuts
     D:5: 1437 daAuts
     D:8: 1309 daAuts
     D:7: 1164 daAuts
     D:2: 1072 daAuts
     D:1: 1063 daAuts
   Sewer: 690 daAuts
  Bailey: 293 daAuts
     D:9: 89 daAuts
  Temple: 1 daAuts
